 Dungeon Crawl Stone Soup version 0.17.1-1-g73c8601 (webtiles) character file.

205 abixa the Poker (level 5, -15/41 HPs)
             Began as a Demigod Skald on Jan 7, 2016.
             Demolished by Menkaure (20 damage)
             ... on level 4 of the Dungeon.
             The game lasted 00:06:41 (3622 turns).

abixa the Poker (Demigod Skald)                     Turns: 3622, Time: 00:06:41

Health: -15/41     AC:  3    Str: 15    XL:     5   Next: 27%
Magic:  5/10       EV: 11    Int: 18    God:
Gold:   228        SH:  0    Dex: 15    Spells: 3 memorised, 2 levels left

rFire  . . .     SeeInvis .     a - +0 spear
rCold  . . .     Clarity  .     b - +0 leather armour
rNeg   . . .     SustAt   +     (no shield)
rPois  .         Gourm    .     (no helmet)
rElec  .         Spirit   .     (no cloak)
rCorr  .         Warding  .     (no gloves)
rMut   .         Stasis   .     (no boots)
MR     .....                    (no amulet)
Stlth  +.........               (no ring)
                                (no ring)

@: infused, not resistant to hostile enchantments, very unstealthy
A: high mp 1, sustain attributes
a: no special abilities


You were on level 4 of the Dungeon.
You were not hungry.

You visited 1 branch of the dungeon, and saw 4 of its levels.

You collected 228 gold pieces.

Inventory:

Hand Weapons
 a - a +0 spear (weapon)
Missiles
 e - 128 stones (quivered)
 h - 40 sling bullets
 o - 15 silver sling bullets
 q - 10 poisoned needles
 r - 7 tomahawks of returning
 u - 2 throwing nets
 y - 29 bolts
 z - 3 tomahawks
Armour
 b - a +0 leather armour (worn)
Jewellery
 n - an uncursed amulet of guardian spirit
 v - a +3 ring of evasion {unknown}
 C - a cursed ring of loudness {unknown}
Scrolls
 g - 5 scrolls of identify {unknown}
 l - 3 scrolls of remove curse {unknown}
 p - 3 scrolls of enchant armour {unknown}
 t - 2 scrolls of magic mapping {unknown}
 x - 2 scrolls of fog {unknown}
 A - a scroll of random uselessness {unknown}
 B - 3 scrolls of amnesia {unknown}
Potions
 f - a potion of heal wounds {unknown}
 i - a potion of agility {unknown}
 m - a potion of cure mutation {unknown}
 w - a potion of poison {unknown}
Books
 c - a book of Battle

   Spells                             Type                      Level
   a - Infusion                       Charms                       1
   b - Shroud of Golubria             Charms/Translocation         2
   c - Song of Slaying                Charms                       2
   d - Spectral Weapon                Hexes/Charms                 3
   e - Regeneration                   Charms/Necromancy            3
Comestibles
 d - 2 bread rations
 j - 2 beef jerkies
 k - 3 fruits
 s - 2 meat rations


   Skills:
 - Level 1.7 Fighting
 + Level 5.2 Polearms
 - Level 0.8 Armour
 - Level 0.8 Dodging
 - Level 1.7 Spellcasting
 - Level 2.6 Charms
 + Level 0.6 Translocations


You had 2 spell levels left.
You knew the following spells:

 Your Spells              Type           Power        Failure   Level  Hunger
a - Infusion              Chrm           ##....       10%         1    #......
b - Song of Slaying       Chrm           ##......     12%         2    ###....
c - Shroud of Golubria    Chrm/Tloc      #.........   17%         2    ###....


Dungeon Overview and Level Annotations

Branches:
Dungeon (4/15)
 Temple: D:4-7

Annotations:
D:4 Menkaure


Innate Abilities, Weirdness & Mutations

You have an increased reservoir of magic (+10% MP).
Your attributes are resistant to harm.


Message History

Menkaure is lightly damaged.
You hit Menkaure.
Menkaure is moderately damaged.
Menkaure hits you!
You hit Menkaure.
Menkaure is moderately damaged.
Menkaure hits you!!
Ouch! That really hurt!
* * * LOW HITPOINT WARNING * * *
You hit Menkaure.
Menkaure is heavily damaged.
You barely miss Menkaure.
Menkaure is heavily damaged.
Menkaure calls on the powers of darkness!
Your body is wracked with pain!
* * * LOW HITPOINT WARNING * * *
You completely miss Menkaure.
Menkaure is heavily damaged.
Menkaure hits you!!
You die...

##.#.##.$..........#
#...# .........
##..# $...... #..#
..... #####..# ...
#......# #.#
#.##..># #.# #.#.#
####.#
#.##...####.@M.####
#.................#
###########.#####.#
#.........#
#..##...### #.#
#...# #.......#
#####..... ##.##.#


You could see Menkaure.

Vanquished Creatures
  2 hounds (D:4)
  5 adders
  A gnoll (D:1)
  An ooze (D:1)
  4 worms
  3 giant geckos
  10 orcs
  5 bats
  5 giant cockroaches
  3 hobgoblins
  8 jackals
  A quokka (D:3)
  A ball python (D:2)
  A giant gecko skeleton (D:4)
  7 giant newts
  4 goblins
  7 kobolds
  7 rats
75 creatures vanquished.

Notes
Turn   | Place    | Note
--------------------------------------------------------------
     0 | D:1      | abixa the Demigod Skald began the quest for the Orb.
     0 | D:1      | Reached XP level 1. HP: 17/17 MP: 5/5
   151 | D:1      | Reached XP level 2. HP: 24/24 MP: 7/7
   371 | D:1      | Reached skill level 3 in Polearms
   381 | D:1      | Learned a level 2 spell: Song of Slaying
   581 | D:1      | Reached XP level 3. HP: 16/29 MP: 3/8
  1009 | D:2      | Found a sacrificial altar of Ru.
  1317 | D:2      | Found a faded altar to an unknown god.
  1563 | D:2      | Reached skill level 4 in Polearms
  1680 | D:2      | Learned a level 2 spell: Shroud of Golubria
  1738 | D:3      | Reached XP level 4. HP: 21/36 MP: 5/9
  2934 | D:4      | Noticed Menkaure
  3120 | D:4      | Reached skill level 5 in Polearms
  3125 | D:4      | Reached XP level 5. HP: 20/41 MP: 3/10
  3622 | D:4      | Demolished by Menkaure

Action                   |  1- 3 |  4- 6 || total
-------------------------+-------+-------++-------
Melee: Spear             |   181 |   146 ||   327
 Cast: Infusion          |    14 |    14 ||    28
       Shroud of Golubri |       |     1 ||     1
 Stab: Sleeping          |     3 |     2 ||     5
       Distracted        |       |     1 ||     1
  Eat: Chunk             |     3 |     6 ||     9
